 Dungeon Crawl Stone Soup version 0.22.1-2-g9c5b331383 (webtiles) character file.

32700 Peloso the Fencer (level 13, -3/116 HPs)
             Began as a Minotaur Fighter on Dec 31, 2018.
             Was the Champion of Okawaru.
             Splashed by an oklob plant's acid (12 damage)
             ... on level 4 of the Lair of Beasts.
             The game lasted 00:38:51 (14553 turns).

Peloso the Fencer (Minotaur Fighter)               Turns: 14553, Time: 00:38:52

Health: -3/116     AC:  7    Str: 24    XL:     13   Next: 32%
Magic:  22/22      EV:  9    Int:  2    God:    Okawaru [******]
Gold:   910        SH: 11    Dex: 24    Spells: 12/12 levels left

rFire    . . .     SeeInvis +   a - +7 double sword "Minotaur's Foe" {venom, rElec rC+ MP+9 SInv Stlth-}
rCold    + . .     Gourm    .   T - +2 buckler {AC+3}
rNeg     . . .     Faith    .   E - +0 plate armour
rPois    +         Spirit   .   (helmet restricted)
rElec    +         Reflect  .   P - +1 cloak {rPois}
rCorr    .         Harm     .   v - +2 pair of gloves {Dex+3}
MR       .....                  g - +0 pair of boots
Stlth    ..........             (no amulet)
HPRegen  0.29/turn              Z - ring "Mocenen" {AC+2 Int-3 Dex+5}
MPRegen  0.18/turn              u - +4 ring of dexterity

@: corroded
A: retaliatory headbutt, horns 2
a: Heroism, Finesse, Renounce Religion


You were on level 4 of the Lair of Beasts.
You worshipped Okawaru.
Okawaru was exalted by your worship.
You were not hungry.

You visited 3 branches of the dungeon, and saw 17 of its levels.
You also visited: Labyrinth and Sewer.

You collected 910 gold pieces.

Inventory:

Hand Weapons
 a - the +7 double sword "Minotaur's Foe" (weapon) {venom, rElec rC+ MP+9 SInv Stlth-}
   (You found it in a labyrinth)

   It poisons the flesh of those it strikes.
   It protects you from cold.
   It insulates you from electricity.
   It affects your magic capacity (+9).
   It lets you see invisible.
   It makes you less stealthy.
 b - the +6 falchion of Exoneration {protect, *Slow +Inv MR+++ Int-4}
   (You found it on level 8 of the Dungeon)

   It protects the one who uses it against injury (+AC on strike).
   It affects your intelligence (-4).
   It affects your resistance to hostile enchantments.
   It lets you turn invisible.
   It may slow you when you take damage.
 y - a +4 long sword
 z - a +1 whip of flaming
Armour
 g - a +0 pair of boots (worn)
 v - a +2 pair of gloves of dexterity (worn)
 E - a +0 plate armour (worn)
 P - a +1 cloak of poison resistance (worn)
 T - a +2 buckler of protection (worn)
Jewellery
 c - an uncursed ring of fire
 u - a +4 ring of dexterity (right hand)
 B - an uncursed ring of protection from cold {unknown}
 L - an uncursed ring of ice
 Z - the ring "Mocenen" (left hand) {AC+2 Int-3 Dex+5}
   (You found it on level 11 of the Dungeon)

   [ring of protection]

   It affects your AC (+2).
   It affects your intelligence (-3).
   It affects your dexterity (+5).
Wands
 l - a wand of random effects (9)
 t - a wand of disintegration (16)
 x - a wand of digging (19)
Scrolls
 k - 2 scrolls of magic mapping {unknown}
 o - 5 scrolls of identify
 p - a scroll of fog
 r - 2 scrolls of random uselessness {unknown}
 s - 11 scrolls of teleportation
 w - 3 scrolls of fear {unknown}
 C - 3 scrolls of remove curse
 G - a scroll of silence {unknown}
 K - 2 scrolls of immolation
 M - 2 scrolls of noise {unknown}
Potions
 d - a potion of might
 e - 2 potions of curing
 h - 6 potions of invisibility
 i - 3 potions of heal wounds
 j - 4 potions of haste
 m - 8 potions of flight
 n - a potion of berserk rage
 q - a potion of brilliance
 A - a potion of ambrosia
 W - a potion of agility
Comestibles
 f - 29 rations


   Skills:
 + Level 11.2 Fighting
 + Level 16.3 Long Blades
 + Level 0.7 Maces & Flails
 + Level 10.8 Armour
 + Level 2.4 Dodging
 + Level 1.5 Stealth
 + Level 14.7 Shields
 + Level 1.4 Invocations
 + Level 0.6 Evocations


You had 12 spell levels left.
You didn't know any spells.
Your spell library contained the following spells:

 Spells                   Type           Power        Failure   Level  Hunger
 Animate Skeleton         Necr           N/A          100%        1    ##.....
 Apportation              Tloc           #.....       100%        1    ##.....
 Confusing Touch          Hex            #.....       100%        1    ##.....
 Corona                   Hex            #......      100%        1    ##.....
 Shock                    Conj/Air       #...         100%        1    ##.....
 Summon Small Mammal      Summ           #...         100%        1    ##.....
 Ensorcelled Hibernation  Hex/Ice        #.....       100%        2    ###....
 Poisonous Vapours        Pois/Air       #.....       100%        2    ###....
 Swiftness                Chrm/Air       #.......     100%        2    ###....
 Confuse                  Hex            #.......     100%        3    ####...
 Conjure Flame            Conj/Fire      #.......     100%        3    ####...
 Dazzling Spray           Conj/Hex       #.....       100%        3    ####...
 Mephitic Cloud           Conj/Pois/Air  #.......     100%        3    ####...
 Static Discharge         Conj/Air       #.......     100%        3    ####...
 Tukima's Dance           Hex            #.......     100%        3    ####...
 Airstrike                Air            #.........   100%        4    #####..
 Lightning Bolt           Conj/Air       #.........   100%        5    ######.
 Freezing Cloud           Conj/Ice/Air   #.........   100%        6    #######
 Ring of Flames           Chrm/Fire      #.........   100%        7    #######


Dungeon Overview and Level Annotations

Branches:
Dungeon (12/15)            Temple (1/1) D:5            Lair (4/6) D:11
 Shoals (0/4) Lair:3       Spider (0/4) Lair:3          Orc (0/2) D:12

Altars:
Cheibriados
Elyvilon
Fedhas
Hepliaklqana
Kikubaaqudgha
Makhleb
Nemelex Xobeh
Okawaru
Ru
Vehumet
Wu Jian
Xom
Yredelemnul
The Shining One
Jiyva

Shops:
D:12 (

Annotations:
D:12 1 transporter
Lair:4 exclusion: 2 oklob plants


Innate Abilities, Weirdness & Mutations

You reflexively headbutt those who attack you in melee.
You have a pair of horns on your head.


Message History

The oklob plant looks as sick as possible!
You headbutt the oklob plant, but do no damage.
The oklob plant is severely damaged.
The oklob plant spits acid at you. The splash of acid hits you!
* * * LOW HITPOINT WARNING * * *
The acid corrodes you!
You are splashed with acid!
The acid burns!
* * * LOW HITPOINT WARNING * * *
Okay, then.
You feel much better. The oklob plant spits acid at you.
The splash of acid hits you!
* * * LOW HITPOINT WARNING * * *
You are splashed with acid!
The acid burns!
* * * LOW HITPOINT WARNING * * *
The oklob plant spits acid at you. The splash of acid hits you!
* * * LOW HITPOINT WARNING * * *
You are splashed with acid!
The acid burns!
You die...

...## ...#
...## ###
....## ##.P
.....#
#..######
....##
###..P($P=#
....##
#....P?.$.#
.....##
#....P..=[#
......#
##...@.P))#
.....##
#...######
.....#
#..#.#
....##
#..### #..##
##.## ###
##.##
#..##### ..#
#..####
#....#P##..#
#..##.##
##........##
#.#....P##
###.......#


You could see 2 oklob plants.

Vanquished Creatures
  A minotaur (Lab)
  Harold (D:11)
  The ghost of Wycs the Cleaver, a journeyman GnWn of Ru (Lair:1)
  A centaur warrior (D:12)
  A hydra (Lair:1)
  A queen ant (Lair:3)
  2 two-headed ogres
  The ghost of urm the Basher, a novice MiMo of Wu Jian (D:8)
  An unseen horror (D:11)
  Pikel (D:4)
  An oklob plant (Lair:4)
  A manticore (D:12)
  3 ugly things
  6 elephants (Lair:3)
  2 black mambas (Lair:1)
  2 centaur zombies (D:12)
  2 gargoyles (D:12)
  2 spiny frogs (Lair:1)
  A polar bear (Lair:4)
  A queen bee (D:10)
  The ghost of purescai the Covered, an amateur BaFi of Xom (D:4)
  2 trolls
  4 blink frogs (Lair:2)
  A slime creature (D:8)
  2 hippogriffs
  2 redbacks (Lair:3)
  A wraith (D:10)
  2 shadows
  11 yaks
  3 steam dragons
  6 basilisks
  6 hungry ghosts
  3 wargs
  21 soldier ants
  4 porcupines
  8 water moccasins
  2 ice beasts
  3 sky beasts
  A slave (D:4)
  6 orc warriors
  2 phantoms
  2 wolves (Lair:3)
  6 centaurs
  4 ogres
  9 crocodiles
  Blork the orc (D:4)
  4 big kobolds
  13 bullfrogs
  2 scorpions
  34 killer bees
  12 wights
  2 bullfrog zombies
  7 howler monkeys
  5 crimson imps
  A quasit (D:7)
  11 orc priests
  6 jellies
  5 hounds
  A bullfrog skeleton (D:11)
  4 centaur skeletons
  14 orc wizards
  An iguana (D:4)
  Ijyb (D:4)
  26 worker ants
  A killer bee zombie (D:5)
  4 hound skeletons
  A worker ant zombie (D:8)
  9 adders
  A river rat (Sewer)
  4 shadow imps
  3 oozes
  A worm (D:5)
  4 dart slugs
  A leopard gecko (D:9)
  42 orcs
  2 ball pythons (D:3)
  9 giant cockroaches
  11 goblins
  2 hobgoblins
  10 jackals
  11 kobolds
  9 quokkas
  5 bats
  2 frilled lizards
  11 rats
  A fungus (Lair:3)
  3 plants (Lab)
441 creatures vanquished.

Vanquished Creatures (others)
  A sky beast (D:12)
  A killer bee (D:11)
  A howler monkey (D:4)
  An iguana (D:4)
  A worker ant (D:4)
  A quokka skeleton (D:4)
  5 fungi
  3 plants
14 creatures vanquished.

Grand Total: 455 creatures vanquished

Notes
Turn   | Place    | Note
-------+----------+-------------------------------------------
     0 | D:1      | Peloso the Minotaur Fighter began the quest for the Orb.
     0 | D:1      | Reached XP level 1. HP: 19/19 MP: 0/0
   113 | D:1      | Reached XP level 2. HP: 25/27 MP: 1/1
   318 | D:1      | You fall through a shaft!
   579 | D:2      | Found a sparkling altar of Nemelex Xobeh.
   702 | D:2      | Reached skill level 3 in Long Blades
   702 | D:2      | Reached XP level 3. HP: 31/33 MP: 2/2
   814 | D:2      | Found a faded altar of an unknown god.
  1725 | D:3      | Found a glowing drain.
  1740 | Sewer    | Entered a sewer
  1745 | Sewer    | Reached XP level 4. HP: 39/40 MP: 3/3
  1802 | Sewer    | Noticed a big kobold
  1846 | Sewer    | Killed a big kobold
  1846 | Sewer    | Reached XP level 5. HP: 35/47 MP: 4/4
  1856 | Sewer    | Reached skill level 4 in Long Blades
  1907 | Sewer    | Found a white marble altar of Elyvilon.
  2798 | D:4      | Reached skill level 5 in Armour
  2798 | D:4      | Reached skill level 1 in Dodging
  2798 | D:4      | Reached skill level 5 in Shields
  2803 | D:4      | Reached XP level 6. HP: 48/53 MP: 5/5
  2877 | D:4      | Noticed Blork the orc
  2885 | D:4      | Killed Blork the orc
  3082 | D:4      | Reached skill level 5 in Long Blades
  3093 | D:4      | Noticed a slave
  3097 | D:4      | Noticed Pikel
  3111 | D:4      | Noticed a slave
  3127 | D:4      | Noticed a slave
  3130 | D:4      | Noticed a slave
  3131 | D:4      | Killed Pikel
  3131 | D:4      | Reached skill level 5 in Fighting
  3131 | D:4      | Reached skill level 6 in Long Blades
  3131 | D:4      | Reached XP level 7. HP: 22/61 MP: 6/6
  3482 | D:4      | Found a runed door.
  3482 | D:4      | Noticed purescai's ghost (amateur BaFi)
  3492 | D:4      | Noticed Ijyb
  3506 | D:4      | Killed Ijyb
  3546 | D:4      | Reached skill level 7 in Long Blades
  3546 | D:4      | Reached XP level 8. HP: 69/70 MP: 7/7
  3778 | D:5      | Entered Level 5 of the Dungeon
  3810 | D:5      | Found a staircase to the Ecumenical Temple.
  3824 | Temple   | Entered the Ecumenical Temple
  3872 | Temple   | Became a worshipper of Warmaster Okawaru
  4020 | D:5      | You fall through a shaft!
  4041 | D:6      | Found a sacrificial altar of Ru.
  4544 | D:6      | Reached * piety under Okawaru
  4675 | D:6      | Reached skill level 1 in Stealth
  4709 | D:6      | Reached skill level 8 in Long Blades
  5155 | D:5      | Reached XP level 9. HP: 75/77 MP: 8/8
  5295 | D:7      | Reached skill level 9 in Long Blades
  5466 | D:7      | Reached ** piety under Okawaru
  5731 | D:7      | Reached skill level 10 in Shields
  5900 | D:7      | Found a snail-covered altar of Cheibriados.
  5917 | D:7      | Found an ornate altar of the Wu Jian Council.
  5917 | D:7      | Found a hazy altar of Hepliaklqana.
  5917 | D:7      | Found an ancient bone altar of Kikubaaqudgha.
  5924 | D:7      | Found a glowing golden altar of the Shining One.
  6030 | D:7      | You fall through a shaft!
  6030 | D:8      | Found a sparkling altar of Nemelex Xobeh.
  6193 | D:8      | Got a twisted falchion
  6194 | D:8      | Identified the +6 falchion of Exoneration {protect, *Slow
                  | +Inv MR+++ Int-4} (You found it on level 8 of the Dungeon)
  6526 | D:8      | Found a runed gate.
  6526 | D:8      | Found a runed gate.
  6527 | D:8      | Found a runed gate.
  6529 | D:8      | Found a viscous altar of Jiyva.
  6529 | D:8      | Noticed urm's ghost (novice MiMo)
  6797 | D:4      | Killed purescai's ghost
  6797 | D:4      | Reached XP level 10. HP: 80/86 MP: 9/9
  6965 | D:9      | Found a basalt altar of Yredelemnul.
  6980 | D:9      | Reached *** piety under Okawaru
  6987 | D:9      | Reached skill level 10 in Long Blades
  7145 | D:9      | Noticed a two-headed ogre
  7150 | D:9      | Killed a two-headed ogre
  7150 | D:9      | Reached **** piety under Okawaru
  7609 | D:9      | Reached skill level 11 in Long Blades
  7939 | D:9      | Found a sacrificial altar of Ru.
  8033 | D:10     | Entered Level 10 of the Dungeon
  8791 | D:11     | Found a labyrinth entrance.
  8813 | D:11     | Reached XP level 11. HP: 94/94 MP: 10/10
  8828 | D:11     | Reached ***** piety under Okawaru
  8847 | Lab      | Entered a labyrinth
  8986 | Lab      | Reached skill level 12 in Long Blades
  9124 | Lab      | Noticed a minotaur
  9139 | Lab      | Killed a minotaur
  9150 | Lab      | Got a wavering platinum ring
  9157 | Lab      | Got a brightly glowing double sword
  9159 | Lab      | Identified the +7 double sword "Minotaur's Foe" {venom,
                  | rElec rC+ MP+9 SInv Stlth-} (You found it in a labyrinth)
  9171 | Lab      | Identified the ring "Lisag" {rElec rPois rF+++ Str-5 Dex-5
                  | Stlth-} (You found it in a labyrinth)
  9205 | D:11     | Noticed a two-headed ogre
  9211 | D:11     | Killed a two-headed ogre
  9211 | D:11     | Received a gift from Okawaru
  9222 | D:11     | Noticed a cyan ugly thing
  9229 | D:11     | Noticed Harold
  9244 | D:11     | Killed Harold
  9253 | D:11     | Killed a cyan ugly thing
  9257 | D:11     | Received a gift from Okawaru
  9549 | D:11     | Reached skill level 13 in Long Blades
  9809 | D:11     | Found a staircase to the Lair.
  9843 | D:11     | Noticed a purple ugly thing
  9855 | D:11     | Killed a purple ugly thing
 10026 | D:11     | Noticed an unseen horror
 10030 | D:11     | Killed an unseen horror
 10041 | D:11     | Got a bound wooden ring
 10047 | D:11     | Identified the ring "Mocenen" {AC+2 Int-3 Dex+5} (You found
                  | it on level 11 of the Dungeon)
 10378 | D:8      | Killed urm's ghost
 10378 | D:8      | Reached XP level 12. HP: 87/105 MP: 11/11
 10463 | D:12     | Reached skill level 14 in Long Blades
 10465 | D:12     | Found Heseuq's Weapon Boutique.
 10636 | D:12     | Reached skill level 10 in Armour
 10672 | D:12     | Found a staircase to the Orcish Mines.
 10721 | D:12     | Noticed a centaur warrior
 10746 | D:12     | Killed a centaur warrior
 10751 | D:12     | Reached skill level 1 in Invocations
 11107 | D:12     | Reached skill level 10 in Fighting
 11282 | D:12     | Found a sparkling altar of Nemelex Xobeh.
 11282 | D:12     | Found a transporter.
 11375 | Lair:1   | Entered Level 1 of the Lair of Beasts
 11576 | Lair:1   | Found a runed door.
 11591 | Lair:1   | Noticed Wycs's ghost (journeyman GnWn)
 11657 | Lair:1   | Killed Wycs's ghost
 11657 | Lair:1   | Reached skill level 15 in Long Blades
 12093 | Lair:1   | Noticed a five-headed hydra
 12107 | Lair:1   | Killed a five-headed hydra
 12602 | Lair:1   | You fall through a shaft!
 12848 | Lair:2   | Reached ****** piety under Okawaru
 13363 | Lair:3   | Found a burning altar of Makhleb.
 13371 | Lair:3   | Found a staircase to the Shoals.
 13397 | Lair:3   | Noticed a queen ant
 13413 | Lair:3   | Killed a queen ant
 13442 | Lair:3   | Reached XP level 13. HP: 111/114 MP: 13/13
 13464 | Lair:3   | Received a gift from Okawaru
 13605 | Lair:3   | Found a hole to the Spider Nest.
 13617 | Lair:3   | Reached skill level 16 in Long Blades
 14553 | Lair:4   | Splashed by an oklob plant's acid

Skill      XL: |  1  2  3  4  5  6  7  8  9 10 11 12 13 |
---------------+----------------------------------------+-----
Armour         | 4 5 6 7 8 9 10 | 10.8
Fighting       | 4 5 6 7 8 9 10 11 | 11.2
Long Blades    | 3 4 6 7 8 9 11 13 15 16 | 16.3
Shields        | 4 5 6 8 10 12 13 14 | 14.7
Dodging        | 1 2 |  2.4
Stealth        | 1 |  1.5
Invocations    | 1 |  1.4
Maces & Flails | |  0.7
Evocations     | |  0.6

Action                   |  1- 3 |  4- 6 |  7- 9 | 10-12 | 13-15 || total
-------------------------+-------+-------+-------+-------+-------++-------
Melee: Long sword        |    65 |       |       |       |       ||    65
       Headbutt          |    13 |    19 |    94 |   182 |    57 ||   365
       Falchion          |    18 |   137 |   359 |   285 |       ||   799
       Double sword      |       |       |       |   354 |   146 ||   500
       Whip              |       |       |       |    10 |       ||    10
Invok: Heroism           |       |       |       |     7 |       ||     7
Evoke: Wand              |       |       |       |    11 |       ||    11
  Use: Scroll            |     4 |       |       |    12 |       ||    16
       Potion            |       |       |       |       |     1 ||     1
  Eat: Chunk             |     2 |     5 |    11 |    12 |     3 ||    33
       Ration            |       |       |       |     5 |       ||     5
Armor: Scale mail        |    29 |    22 |       |       |       ||    51
       Chain mail        |       |    30 |    10 |       |       ||    40
       Plate armour      |       |       |   100 |   271 |    53 ||   424
Dodge: Dodged            |    29 |    56 |   115 |   232 |    39 ||   471
Block: Shield            |    42 |    77 |   238 |   271 |       ||   628
       Buckler           |       |       |       |   157 |    78 ||   235
       Rpst.: Long sword |     9 |       |       |       |       ||     9
       Falchion          |     3 |    11 |    33 |    37 |       ||    84
       Double sword      |       |       |       |    26 |    10 ||    36
